Map: Submarine LE

Players

Massa - Winner!

  • Race: Terran Terran
  • League: Platinum
  • Spawn Location: 11:00

Puravida

  • Race: Zerg Zerg
  • League: Platinum
  • Spawn Location: 5:00

VOD

Have the link to the VOD?

Description

Time

  • Played on: Dec. 30, 2020, 11:03 a.m.
  • Length: 19:17
Show
View Real Time Build Order
Export as new Build Order

Massa Terran - Winner!

Build Orders:  

Get SALT Encoding   

  12  0:00  SCV  
  13  0:12  SCV  
  14  0:18  Supply Depot  
  14  0:24  SCV  
  15  0:39  SCV  
  15  0:41  Barracks  
  16  0:51  SCV  
  16  0:54  Refinery  
  17  1:04  SCV  
  18  1:16  SCV  
  20  1:33  Orbital Command  
  20  1:34  Marine  
  20  1:47  Command Center  
  20  1:52  Reaper  
  21  2:01  SCV  
  22  2:24  Barracks, Marine  
  22  2:25  Supply Depot  
  23  2:47  Marine  
  23  2:50  Supply Depot  
  24  2:51  Supply Depot x2  
  24  2:54  Factory  
  24  3:03  Orbital Command  
  24  3:05  Marine  
  25  3:18  SCV  
  25  3:30  SCV  
  26  3:40  Barracks Reactor, Barracks Tech Lab  
  26  3:44  SCV x2  
  26  3:45  Refinery  
  26  3:46  Factory Tech Lab  
  28  3:56  SCV  
  28  3:59  Starport  
  29  4:22  Marauder, Marine x2  
  32  4:35  SCV x2  
  34  4:40  Marine x2  
  34  4:43  Marauder  
  38  4:46  Refinery  
  38  4:47  SCV x2  
  38  4:48  Engineering Bay  
  38  4:52  Starport Tech Lab  
  40  4:54  Siege Tank  
  40  4:59  Refinery, Marine  
  44  5:05  Marauder  
  46  5:15  Banshee  
  46  5:20  SCV  
  46  5:21  SCV  
  51  5:28  Marauder, Marine  
  54  5:33  SCV x2  
  54  5:34  Widow Mine  
  58  5:45  Barracks  
  58  5:50  Barracks Tech Lab  
  58  5:55  Widow Mine, SCV x2  
  62  5:58  Medivac  
  64  6:07  SCV x2  
  64  6:08  Command Center  
  66  6:17  Terran Infantry Weapons Level 1  
  66  6:19  SCV x2  
  66  6:21  Armory  
  66  6:22  Missile Turret  
  68  6:31  SCV  
  69  6:43  SCV  
  70  7:01  Barracks Tech Lab  
  70  7:08  Supply Depot x2  
  70  7:12  Missile Turret  
  70  7:20  SCV x2, Marauder, Marine x2, Siege Tank  
  79  7:32  SCV x2, Supply Depot  
  81  7:37  Marine  
  81  7:42  Marauder  
  81  7:44  SCV, Planetary Fortress  
  84  7:45  SCV  
  85  7:56  SCV  
  85  7:58  SCV  
  87  8:05  Marauder, Marine x2  
  90  8:07  Stimpack  
  90  8:08  SCV  
  90  8:10  SCV  
  90  8:11  Terran Infantry Armor Level 1  
  93  8:20  SCV  
  93  8:22  SCV  
  93  8:23  Marine x2  
  93  8:26  Marauder  
  99  8:33  SCV  
  100  8:42  SCV x2  
  100  8:43  Barracks Reactor, Barracks Tech Lab  
  100  8:45  SCV  
  100  8:47  Marauder  
  105  8:54  SCV x2  
  107  9:09  Marauder  
  109  9:30  Marauder  
  101  9:31  Medivac  
  101  9:36  Marauder  
  101  9:37  Marine x2  
  107  9:43  Barracks  
  107  9:46  Cloaking Field  
  107  9:52  Marauder  
  109  9:53  Starport, Factory  
  109  9:58  Refinery  
  109  10:00  Refinery  
  109  10:03  Combat Shield  
  109  10:10  Supply Depot  
  109  10:11  Supply Depot  
  109  10:12  Terran Infantry Weapons Level 2, Supply Depot  
  109  10:13  Engineering Bay  
  109  10:14  Terran Vehicle Weapons Level 1  
  109  10:20  Missile Turret  
  109  10:28  Missile Turret  
  109  10:30  Command Center  
  109  10:31  SCV x2, Marauder x2, Medivac  
  109  10:32  Marine x2  
  109  10:33  SCV  
  109  10:35  Supply Depot x2  
  120  10:36  Supply Depot  
  111  10:43  SCV x2, Missile Turret  
  111  10:45  SCV  
  111  10:49  Missile Turret  
  111  10:50  Marine x2  
  111  10:52  Marine  
  111  10:53  Marauder  
  110  10:59  Supply Depot  
  110  11:00  Supply Depot  
  110  11:02  Medivac  
  99  11:05  Supply Depot  
  99  11:08  Marine x2  
  99  11:09  Missile Turret  
  95  11:13  Barracks Tech Lab  
  95  11:14  Marauder  
  95  11:17  Siege Tank  
  100  11:21  Concussive Shells  
  100  11:26  Marine x2  
  100  11:27  Barracks  
  100  11:31  Barracks  
  102  11:35  Barracks Reactor  
  102  11:36  Marauder  
  102  11:37  Marauder  
  108  11:44  Banshee, Marine x2  
  108  11:46  Factory Reactor  
  111  11:49  Siege Tank  
  111  11:51  SCV x3  
  117  11:57  Marauder, Sensor Tower  
  117  11:58  Marine  
  120  12:01  Marine  
  120  12:03  SCV x2  
  120  12:04  SCV  
  124  12:15  SCV  
  125  12:16  SCV  
  125  12:17  Marauder  
  125  12:18  Marauder, Marine x4  
  125  12:19  Marine  
  125  12:21  Barracks Tech Lab, Siege Tank  
  138  12:24  Terran Infantry Armor Level 2  
  135  12:35  Marine  
  135  12:36  Marine x3  
  134  12:37  Marine  
  134  12:38  Marauder  
  134  12:40  Marauder  
  132  12:56  Marauder, Marine  
  132  12:57  Marine x4  
  137  12:59  Marauder  
  137  13:01  Marauder  
  141  13:07  Planetary Fortress  
  141  13:10  Command Center  
  141  13:11  Sensor Tower  
  141  13:12  SCV x2  
  143  13:17  Marauder  
  143  13:19  Terran Vehicle Weapons Level 2  
  145  13:21  Terran Infantry Weapons Level 3, Marauder  
  145  13:23  Widow Mine x2, Marauder  
  145  13:24  SCV x2, Siege Tank  
  158  13:30  Medivac  
  160  13:36  SCV  
  160  13:37  SCV  
  160  13:39  Marauder  
  143  13:42  Marauder  
  143  13:44  Widow Mine x2, Marauder  
  151  13:48  SCV  
  151  13:49  Marine  
  151  13:50  Marine x4  
  157  13:57  Siege Tank  
  157  14:00  Marauder, Medivac  
  164  14:03  Marauder  
  164  14:05  Marauder  
  164  14:06  Widow Mine x2  
  164  14:07  Marine  
  164  14:08  Marine x4  
  177  14:21  Marauder  
  179  14:25  Marauder, Marine x5  
  179  14:27  Widow Mine, Marauder  
  179  14:29  Siege Tank  
  179  14:30  Medivac  
  188  14:42  Drilling Claws  
  188  14:43  Marauder, Marine x2  
  192  14:45  Marine  
  192  14:46  Marauder, Marine  
  196  15:03  Marauder, Siege Tank  
  196  15:04  Marauder  
  177  15:08  Marauder  
  135  15:24  Marauder  
  135  15:25  Marine  
  135  15:26  Marauder, Marine x4  
  134  15:29  Marauder  
  134  15:35  Siege Tank  
  127  15:37  Medivac  
  126  15:43  Marine x5  
  126  15:45  Widow Mine x2, Marauder  
  126  15:47  Marauder  
  126  15:50  Marauder  
  124  16:00  SCV x3, Smart Servos  
  124  16:01  Marine x5  
  124  16:03  Command Center  
  132  16:06  Widow Mine x2  
  132  16:07  Marauder, Medivac, Siege Tank  
  132  16:08  Marauder  
  132  16:09  Planetary Fortress  
  145  16:12  SCV x2, Marauder  
  145  16:16  Sensor Tower  
  149  16:19  Marine x2  
  149  16:22  Missile Turret  
  148  16:28  Widow Mine, Marauder  
  148  16:30  Marauder  
  156  16:32  Widow Mine  
  156  16:34  Terran Infantry Armor Level 3  
  156  16:37  Medivac  
  156  16:38  Terran Vehicle Weapons Level 3  
  156  16:39  Siege Tank  
  161  16:49  Widow Mine, Refinery  
  161  16:51  Refinery  
  163  17:07  Medivac  
  159  17:11  Siege Tank  
  160  17:21  Marauder x3, Marine x2  
  160  17:22  Marine x3  
  160  17:39  Marine x5  
  160  17:42  Marauder x3  
  148  17:53  Medivac  
  148  17:57  Marine x4  
  140  18:03  Marauder  
  140  18:04  Marauder x2, Marine  
  146  18:23  Medivac  
  146  18:25  Marauder x3  
  152  18:35  Marine x3  
  152  18:36  Marine x2  
  155  18:46  Marauder  
  155  18:47  Marauder x2  
  159  18:53  Marine x5  
Show
View Real Time Build Order
Export as new Build Order

Puravida Zerg 

Build Orders: Hatch First 

Get SALT Encoding   

  12  0:07  Overlord  
  12  0:12  Drone  
  13  0:16  Drone  
  14  0:25  Drone  
  15  0:46  Hatchery  
  14  1:00  Spawning Pool  
  14  1:03  Extractor  
  12  1:05  Drone  
  12  1:10  Drone  
  14  1:14  Drone  
  15  1:26  Overlord  
  15  1:48  Zergling x2  
  15  1:49  Zergling x2  
  15  1:50  Queen, Zergling x2  
  20  2:00  Drone  
  21  2:07  Queen  
  23  2:13  Drone  
  24  2:19  Metabolic Boost  
  24  2:29  Drone x2  
  26  2:33  Drone  
  27  2:38  Drone  
  27  2:43  Drone x2  
  30  2:50  Drone  
  31  2:51  Drone  
  31  2:56  Drone  
  33  2:59  Drone x2  
  33  3:05  Overlord  
  34  3:18  Drone x2  
  36  3:20  Roach Warren  
  36  3:25  Lair  
  34  3:27  Extractor  
  34  3:30  Zergling x4  
  34  3:36  Drone x3  
  37  3:41  Overlord  
  37  3:46  Zergling x4  
  39  3:52  Drone  
  39  3:53  Drone x2  
  42  4:03  Drone x4  
  46  4:14  Overlord  
  46  4:20  Evolution Chamber x2  
  44  4:26  Glial Reconstitution  
  44  4:29  Roach x4  
  52  4:39  Roach x4  
  60  4:47  Zerg Missile Weapons Level 1  
  60  4:57  Overlord  
  60  4:58  Overlord  
  60  5:14  Queen  
  60  5:15  Queen  
  60  5:20  Overlord x2  
  64  5:22  Zerg Ground Armor Level 1  
  64  5:26  Roach  
  64  5:27  Roach  
  68  5:28  Hatchery  
  65  5:41  Roach x2  
  67  5:45  Drone x2  
  67  5:47  Extractor  
  67  5:48  Extractor  
  67  5:49  Roach x2  
  71  5:52  Zergling x10  
  76  6:05  Roach x3  
  82  6:17  Drone x2  
  82  6:18  Drone x2  
  86  6:25  Roach x3  
  92  6:38  Overlord  
  92  6:41  Overlord x2  
  92  6:42  Overlord x2  
  91  7:01  Hydralisk Den  
  91  7:04  Queen  
  91  7:05  Drone x4  
  91  7:06  Drone x7  
  103  7:16  Overlord x2  
  103  7:20  Drone  
  103  7:21  Drone x2  
  106  7:31  Drone x3  
  106  7:33  Extractor  
  106  7:35  Extractor, Spine Crawler  
  106  7:36  Spine Crawler  
  105  7:37  Spore Crawler  
  105  7:39  Overlord x3  
  104  7:48  Hydralisk x3  
  106  7:59  Hydralisk  
  106  8:00  Hydralisk x5  
  118  8:06  Grooved Spines  
  112  8:41  Drone x2  
  112  8:42  Drone x3  
  112  8:43  Drone  
  112  8:45  Overlord x4  
  118  8:53  Drone x4  
  122  9:01  Roach  
  122  9:02  Roach x4  
  126  9:32  Hydralisk x6  
  126  9:34  Overlord x3  
  138  9:44  Drone x2  
  138  9:45  Drone x3  
  142  9:46  Drone  
  144  9:57  Roach x4  
  152  10:05  Zerg Missile Weapons Level 2  
  152  10:07  Drone  
  152  10:08  Drone x2  
  152  10:13  Drone  
  156  10:22  Drone x4  
  156  10:23  Drone x2  
  156  10:26  Hydralisk x4  
  168  10:42  Roach x5  
  154  10:50  Roach x5  
  154  10:51  Roach x2  
  144  11:07  Drone x8  
  146  11:14  Hatchery  
  145  11:18  Extractor  
  145  11:19  Hydralisk  
  145  11:20  Hydralisk x2  
  150  11:26  Zerg Ground Armor Level 2  
  150  11:29  Drone x3  
  153  11:38  Baneling Nest  
  152  11:45  Infestation Pit  
  151  11:53  Roach  
  159  11:54  Roach x9  
  171  12:07  Overseer x2  
  171  12:11  Roach  
  171  12:12  Roach x5  
  183  12:17  Burrow  
  183  12:21  Zerg Melee Weapons Level 1  
  173  12:36  Roach x6  
  173  12:37  Roach x4  
  159  12:44  Roach x3  
  159  12:45  Roach x2  
  157  12:57  Hydralisk x9  
  175  13:09  Drone x3  
  175  13:10  Extractor, Drone x3  
  180  13:14  Hydralisk x3  
  186  13:24  Hive  
  186  13:27  Roach x7  
  198  13:39  Roach  
  198  13:40  Roach x6  
  162  13:46  Roach x5  
  154  13:56  Roach x9  
  154  13:59  Overseer  
  170  14:07  Hydralisk  
  170  14:08  Hydralisk x3  
  176  14:10  Zergling x4  
  176  14:11  Zergling x2  
  176  14:16  Roach x3  
  183  14:31  Zergling x2  
  183  14:32  Zergling x12  
  183  14:33  Roach  
  183  14:34  Roach x4  
  200  14:42  Spine Crawler  
  200  14:43  Spine Crawler x2  
  200  14:44  Spine Crawler  
  200  14:45  Spore Crawler x3  
  194  14:47  Roach x3  
  163  15:07  Hydralisk  
  163  15:08  Hydralisk x13  
  167  15:16  Hydralisk  
  167  15:17  Hydralisk x5  
  147  15:37  Hydralisk  
  147  15:38  Hydralisk x6  
  155  15:49  Hydralisk x4  
  141  15:53  Hydralisk x14  
  141  15:58  Hydralisk x2  
  143  16:12  Hydralisk  
  143  16:13  Hydralisk  
  143  16:14  Hydralisk x3  
  151  16:22  Spine Crawler  
  151  16:24  Spine Crawler  
  143  16:27  Zergling x16  
  143  16:31  Overseer  
  147  16:34  Roach  
  147  16:35  Roach x5  
  153  16:56  Hatchery, Extractor  
  153  16:57  Extractor  
  146  17:04  Hydralisk x25  
  146  17:06  Hydralisk  
  146  17:07  Hydralisk x5  
  152  17:09  Roach x6  
  152  17:18  Roach  
  152  17:19  Roach x5  
  137  17:38  Hydralisk  
  137  17:39  Hydralisk x6  
  138  17:50  Hydralisk x3  
  116  17:57  Hydralisk x3  
  98  18:08  Roach x4  
  106  18:15  Spine Crawler  
  106  18:16  Spine Crawler  
  100  18:24  Hydralisk  
  100  18:25  Hydralisk x2  
  98  18:31  Roach  
  98  18:32  Roach x2  
  102  18:43  Hydralisk x3  
Tags
 
Matchup
TvZ
Replay Pack
Multiplayer
Spawn Locations
Cross Positions
Add a new tag
Caveats
  • Supply blocks, unpowered buildings, or Contaminate may cause inaccurate times.
  • Supply counts are checked every 10 seconds.